 Dungeon Crawl Stone Soup version 0.27-a0-1158-gaa87e14f67 (webtiles) character file.

Game seed: 3341880452911826753

295 senseless the Sneak (level 6, -4/42 (53) HPs)
             Began as a Minotaur Delver on May 15, 2021.
             Was an Initiate of the Shining One.
             Slain by st0uf's ghost (11 damage)
             ... on level 3 of the Dungeon.
             The game lasted 00:10:46 (3634 turns).

senseless the Sneak (Minotaur Delver)               Turns: 3634, Time: 00:10:46

HP:   -4/42 (53)    AC:  7    Str: 17 (19) XL:     6   Next: 11%
MP:   5/5           EV:  6    Int:  4 (7)  God:    the Shining One [......]
Gold: 195           SH: 11    Dex:  8 (11) Spells: 5/5 levels left

rFire    + . .     SeeInvis .   l - +0 long sword
rCold    + . .     Faith    .   r - +0 tower shield
rNeg     . . .     Spirit   .   u - +1 ring mail {rC+}
rPois    .         Reflect  .   (helmet restricted)
rElec    .         Harm     .   (no cloak)
rCorr    .         Rampage  .   (no gloves)
Will     .....                  p - +0 pair of boots
Stlth    +.........             (no amulet)
HPRegen  0.14/turn              n - ring of protection from fire
MPRegen  0.09/turn              (no ring)

@: brilliant, hasted and slowed, glowing, heavily drained
A: horns 2, retaliatory headbutt
a: Renounce Religion


You were on level 3 of the Dungeon.
You worshipped the Shining One.
The Shining One was noncommittal.
You visited 1 branch of the dungeon, and saw 5 of its levels.

You collected 195 gold pieces.

Inventory:

Hand Weapons
 a - a +0 falchion
 l - a +0 long sword (weapon)
 o - a +1 dagger of venom
Armour
 b - a +0 leather armour
 p - a +0 pair of boots (worn)
 q - a +0 kite shield
 r - a +0 tower shield (worn)
 u - a +1 ring mail of cold resistance (worn)
Jewellery
 n - a ring of protection from fire (left hand)
Wands
 g - a wand of digging (3)
 j - a wand of iceblast (12)
Scrolls
 c - a scroll of fog
 d - a scroll of magic mapping
 e - a scroll of fear
 h - 3 scrolls of identify {unknown}
 k - 2 scrolls of noise {unknown}
 s - a scroll of immolation {unknown}
Potions
 f - a potion of haste


   Skills:
 + Level 4.4 Fighting
 + Level 4.4 Long Blades
 + Level 2.1 Armour
 + Level 2.8 Dodging
 + Level 5.4 Stealth
 + Level 1.3 Shields


You had 5 spell levels left.
You didn't know any spells.
Your spell library contained the following spells:

 Spells                   Type           Power      Damage    Failure   Level
 Animate Skeleton         Necr           0%         N/A       100%        1
 Magic Dart               Conj           0%         1d3       100%        1
 Pain                     Necr           0%         1d4       100%        1
 Searing Ray              Conj           0%         3d3       100%        2
 Dazzling Flash           Conj/Hex       0%         N/A       100%        3
 Vampiric Draining        Necr           0%         2d6       100%        3
 Animate Dead             Necr           0%         N/A       100%        4
 Fulminant Prism          Conj/Hex       0%         3d6       100%        4
 Iskenderun's Mystic Bla  Conj/Tloc      0%         2d3       100%        4
 Agony                    Necr           0%         N/A       100%        5


Dungeon Overview and Level Annotations

Branches:
Dungeon (5/15)
 Temple: D:4-7

Altars:
The Shining One

Shops:
D:2 *   D:5 *

Annotations:
D:3 st0uf's ghost, novice DrGl
D:5 Eustachio


Innate Abilities, Weirdness & Mutations

You have a pair of horns on your head.
You reflexively headbutt those who attack you in melee.


Message History

You feel drained.
* * * LOW HITPOINT WARNING * * *
You feel better.
St0uf's ghost wails.
You block st0uf's ghost's attack.
You feel yourself speed up. You block st0uf's ghost's attack.
St0uf's ghost hits you but does no damage.
You feel drained.
You closely miss st0uf's ghost.
St0uf's ghost is lightly damaged.
You block st0uf's ghost's attack.
You miss st0uf's ghost.
St0uf's ghost is lightly damaged.
St0uf's ghost hits you!
* * * LOW HITPOINT WARNING * * *
You feel drained.
* * * LOW HITPOINT WARNING * * *
St0uf's ghost gestures at you while chanting.
You struggle to resist.
It was a potion of brilliance.
You feel clever all of a sudden.
St0uf's ghost says, "I excel at staving off weak adventurers."
St0uf's ghost points at you and mumbles some strange words.
You feel as though you will be slow longer.
It was a potion of degeneration.
There was something very wrong with that liquid.
You feel weakened.
You feel dopey.
You feel clumsy. St0uf's ghost barely misses you.
Your shield and ring mail prevent you from hitting st0uf's ghost.
St0uf's ghost is lightly damaged.
St0uf's ghost completely misses you.
You riposte.
You hit st0uf's ghost.
St0uf's ghost is lightly damaged.
St0uf's ghost gestures at you while chanting.
You feel as though you will be slow longer.
You miss st0uf's ghost.
St0uf's ghost is lightly damaged.
St0uf's ghost whispers, "There is no future for you."
St0uf's ghost hits you but does no damage.
You feel drained. St0uf's ghost hits you!
You die...

....# #..#.#..##..#####.#####
....# ##.($..###...........##
....# #.......##..#####....##
....# ##....$###..## #....## ....#
#.......##...####....## ....#
###'''###......[#.##### ....#
#........#[#.##.#.# # ....#
###.Z#####.#..#.#.# # #####
#..ZW@....##.#.#.# #
###########.##########...#.#####
#........>..#............#......
#...........#.#########..#......
##................# ##.#..[...
########..........#######.รท......
# #..........'.........##### #
#..........########..##### #
#..........# #####.......


You could see st0uf's ghost, a water moccasin zombie and a bullfrog skeleton.

Vanquished Creatures
  A scorpion (D:4)
  A hound (D:5)
  A hound skeleton (D:5)
  Robin (D:2)
  8 adders
  A worm (D:2)
  A dart slug (D:3)
  5 ball pythons
  9 endoplasms
  5 giant cockroaches
  17 goblins
  7 hobgoblins
  13 jackals
  7 quokkas
  5 bats
  3 frilled lizards
  9 kobolds
  8 rats
102 creatures vanquished.

Notes
Turn   | Place    | Note
-------+----------+-------------------------------------------
     0 | D:5      | senseless the Minotaur Delver began the quest for the Orb.
     0 | D:5      | Reached XP level 1. HP: 19/19 MP: 0/0
     5 | D:5      | Found Doiheb's Elemental Accessories.
    38 | D:5      | Reached XP level 2. HP: 27/27 MP: 1/1
   213 | D:5      | Noticed Eustachio
   230 | D:5      | Reached XP level 3. HP: 20/33 MP: 2/2
   475 | D:4      | Noticed a scorpion
   487 | D:4      | Killed a scorpion
   488 | D:4      | Reached skill level 1 in Armour
   488 | D:4      | Reached skill level 5 in Stealth
   488 | D:4      | Reached XP level 4. HP: 36/40 MP: 3/3
   793 | D:1      | Reached XP level 5. HP: 46/46 MP: 4/4
  1957 | D:2      | Found Sato's Assorted Antiques.
  2566 | D:2      | Noticed Robin
  2574 | D:2      | Killed Robin
  3171 | D:3      | Reached skill level 1 in Shields
  3258 | D:3      | Found a glowing golden altar of the Shining One.
  3261 | D:3      | Became a worshipper of the Shining One
  3317 | D:3      | Reached XP level 6. HP: 50/53 MP: 5/5
  3362 | D:3      | Found a runed translucent gate.
  3362 | D:3      | Found a runed translucent gate.
  3363 | D:3      | Found a runed translucent gate.
  3366 | D:3      | Noticed st0uf's ghost (novice DrGl)
  3634 | D:3      | Slain by st0uf's ghost

Illustrated notes

Levels and vault maps discovered:
D:1:      dpeg_arrival_simpleton_c, layout_basic
D:2:      kennysheep_six_static_rooms, layout_basic, serial_glass,
          glass_columns_b, glass_columns_a, serial_shops, shop, uniq_robin
D:3:      layout_basic, lemuel_doored_altar, gammafunk_ghost_necromancy
D:4:      layout_loops_ring, ebering_ghost_sewer_f
D:5:      layout_basic, old_standard_altar, kennysheep_mini_moat,
          nicolae_elemental_shop, uniq_eustachio, uniq_edmund

Skill      XL: |  1  2  3  4  5 |
---------------+----------------+-----
Fighting       | 4 |  4.4
Long Blades    | 3 4 |  4.4
Armour         | 1 2 |  2.1
Stealth        | 5 |  5.4
Shields        | 1 |  1.3
Dodging        | |  2.8

Action                   |  1- 3 |  4- 6 || total
-------------------------+-------+-------++-------
Melee: Falchion          |    22 |       ||    22
       Headbutt          |     8 |    33 ||    41
       Long sword        |    13 |   190 ||   203
  Use: Potion            |       |     5 ||     5
 Stab: Sleeping          |       |    11 ||    11
       Distracted        |       |     2 ||     2
Armor: Leather armour    |     8 |    40 ||    48
       Ring mail         |       |    18 ||    18
Dodge: Dodged            |    20 |    85 ||   105
Block: Tower shield      |       |    84 ||    84
       Kite shield       |       |    27 ||    27
       Rpst.: Falchion   |     3 |       ||     3
       Long sword        |     2 |    26 ||    28

Table legend: (Time is in decaauts)
 A = Elapsed time spent in this place.
 B = Non-inter-level travel time spent in this place.
 C = Inter-level travel time spent in this place.
 D = Time resting spent in this place.
 E = Time spent auto-exploring this place.
 F = Levels seen in this place.
 G = Mean time per level.
                   A        B        C        D        E       F      G
               +--------+--------+--------+--------+--------+-----+--------+
         Total |   3748 |   3693 |     55 |    114 |   2769 |   5 |  749.6 |
       Dungeon |   3748 |   3693 |     55 |    114 |   2769 |   5 |  749.6 |
               +--------+--------+--------+--------+--------+-----+--------+

Top non-repeatable levels by time:
     D:2: 1379 daAuts
     D:3: 911 daAuts
     D:1: 897 daAuts
     D:5: 387 daAuts
     D:4: 172 daAuts
